 Dungeon Sprint DCSS version 0.30-a0-475-g03497ec522 (webtiles) character file.

Game seed: 10851343045836155856

397 NinjaNoafa the Blocker (level 6, -1/57 HPs)
             Began as a Gnoll Fighter on Dec 20, 2022.
             Was the Champion of Cheibriados.
             Succumbed to a merfolk impaler's poison
             ... in the Dungeon (Sprint VII: "The Pits").
             The game lasted 00:07:00 (507 turns).

NinjaNoafa the Blocker (Gnoll Fighter)               Turns: 507, Time: 00:07:00

Health: -1/57      AC: 11    Str: 32    XL:     6   Next: 83%
Magic:  13/13      EV: 14    Int: 23    God:    Cheibriados [******]
Gold:   0          SH:  8    Dex: 26    Spells: 15/15 levels left

rFire   . . .      SeeInvis .    k - +0 flail (protect)
rCold   . . .      Faith    .    c - +0 buckler
rNeg    . . .      Spirit   .    a - +3 scale mail
rPois   .          Reflect  .    (no helmet)
rElec   .          Harm     .    (no cloak)
rCorr   .          Rampage  .    (no gloves)
Will    .....      NoTele   +    (no boots)
Stlth   ++........               (no amulet)
HPRegen 0.29/turn                (no ring)
MPRegen 0.13/turn                (no ring)

@: lethally poisoned (-1 -> -14), very slow
A: fangs 1, strong nose, distributed training
a: Renounce Religion, Bend Time, Temporal Distortion, Slouch, Step From Time


You were in the Dungeon.
You worshipped Cheibriados.
Cheibriados was exalted by your worship.
You visited 1 branch

Inventory:

Hand Weapons
 k - a +0 flail of protection (weapon)
Armour
 a - a +3 scale mail (worn)
 c - a +0 buckler (worn)
Scrolls
 j - a scroll of blinking
Potions
 d - a potion of might
 e - 6 potions of curing
 f - 3 potions of heal wounds
 h - 2 potions of magic
 i - a potion of berserk rage


   Skills:
 + Level 8.4 Fighting
 + Level 5.1 Short Blades
 + Level 5.1 Long Blades
 + Level 5.1 Axes
 + Level 7.0 Maces & Flails
 + Level 5.1 Polearms
 + Level 5.1 Staves
 + Level 5.1 Ranged Weapons
 + Level 5.1 Throwing
 + Level 8.4 Armour
 + Level 5.1 Dodging
 + Level 5.1 Stealth
 + Level 8.4 Shields
 + Level 5.1 Unarmed Combat
 + Level 5.1 Spellcasting
 + Level 4.2 Conjurations
 + Level 4.2 Hexes
 + Level 4.2 Summonings
 + Level 4.2 Necromancy
 + Level 4.2 Translocations
 + Level 4.2 Transmutations
 + Level 4.2 Fire Magic
 + Level 4.2 Ice Magic
 + Level 4.2 Air Magic
 + Level 4.2 Earth Magic
 + Level 4.2 Poison Magic
 + Level 5.6 Invocations
 + Level 5.1 Evocations


You had 15 spell levels left.
You didn't know any spells.
Your spell library was empty.

Dungeon Overview and Level Annotations

Branches:
Dungeon (1/1)

Altars:
Ashenzari
Cheibriados
Dithmenos
Elyvilon
Fedhas
Gozag
Hepliaklqana
Kikubaaqudgha
Makhleb
Nemelex Xobeh
Okawaru
Qazlal
Ru
Sif Muna
Trog
Uskayaw
Vehumet
Wu Jian
Xom
Yredelemnul
Zin
The Shining One
Jiyva
Lugonu


Innate Abilities, Weirdness & Mutations

You have very sharp teeth.
Your uncanny sense of smell can sniff out nearby items.
Your experience applies equally to all skills.


Message History

You open the door.
A vampire, a merfolk impaler and a merfolk come into view.
The merfolk impaler is wielding a +2 trident of venom.
The merfolk shouts!
You hear a shout!
The merfolk impaler shouts!
A kobold demonologist comes into view.
It is wielding a +0 dagger and wearing a +2 robe of cold resistance.
The kobold demonologist shouts!
You hear an angry hiss.
You hear a shout!
Found a lightning rod (4/4).
You hear a shout!
You hear a deafening roar!
The kobold demonologist begins to cast a cantrip, but forgets the words!
You block the merfolk impaler's attack.
The merfolk impaler hits you from afar with a +2 trident of venom!
You are poisoned.
A storm dragon comes into view.
You hear a bellow!
You hear a shout!
You feel extremely sick.
You hear a shout!
You hear a bellow!
The kobold demonologist mumbles some strange words.
An orc comes into view. It is wielding a +0 whip.
You block the merfolk impaler's attack. The merfolk impaler misses you.
The kobold demonologist looks encouraged for a moment.
There is a huge open gate to the Grid Vault (Hard) here.
Okay, then.
You feel very sick.
The storm dragon breathes lightning at you.
The bolt of lightning hits you!!
* * * LOW HITPOINT WARNING * * *
The merfolk impaler misses you.
You hear a bleat!
You hear a shout!
You hear a bleat!
An orc and a dream sheep come into view.
There is a huge open gate to the Grid Vault (Hard) here.
Hit: k) +0 flail (protect)
Press: ? - help, Dir - move target, f - storm dragon
Aim: a storm dragon (about 30% to evade your +0 flail of protection)
Okay, then.
Okay, then.
Unknown command.
Okay, then.
Unknown command.
You fail to use your ability.
You die...

∆∆∆∆∆ #.# ∆ ∆ ∆∆∆∆∆ #o#∆
∆ ∆ ∆ ∆ ∆∆∆∆∆ #o# ∆ ∆ ∆
∆∆∆∆∆ #K# ∆
.#####Y######### ######
................ ____.#
........m....... ____.#
########D'######
__...###########@'#####
####'##................#
)))')##......#..#......#
####.##................+
.....)'................+
#'#####......#..#......#
...'.##................#
...#.#####'#####++######
####.##.......#


You could see a storm dragon, a merfolk impaler, a kobold demonologist, a dream
sheep and 2 orcs.

Vanquished Creatures
  A wolf (D)
  3 wights (D)
  4 orc priests (D)
  A gnoll (D)
  An adder (D)
  An ufetubus (D)
  A worm (D)
  An orc (D)
  A goblin (D)
  3 jackals (D)
  A kobold (D)
  A quokka (D)
  A frilled lizard (D)
  A quokka skeleton (D)
  2 rats (D)
23 creatures vanquished.

Notes
Turn   | Place    | Note
-------+----------+-------------------------------------------
     0 | D        | NinjaNoafa the Gnoll Fighter began the quest for the Orb.
     0 | D        | Reached XP level 1. HP: 23/23 MP: 1/1
    24 | D        | Reached skill level 1 in Short Blades
    24 | D        | Reached skill level 1 in Long Blades
    24 | D        | Reached skill level 1 in Axes
    24 | D        | Reached skill level 1 in Polearms
    24 | D        | Reached skill level 1 in Staves
    24 | D        | Reached skill level 1 in Ranged Weapons
    24 | D        | Reached skill level 1 in Throwing
    24 | D        | Reached skill level 1 in Dodging
    24 | D        | Reached skill level 1 in Stealth
    24 | D        | Reached skill level 1 in Unarmed Combat
    24 | D        | Reached skill level 1 in Spellcasting
    24 | D        | Reached skill level 1 in Conjurations
    24 | D        | Reached skill level 1 in Hexes
    24 | D        | Reached skill level 1 in Summonings
    24 | D        | Reached skill level 1 in Necromancy
    24 | D        | Reached skill level 1 in Translocations
    24 | D        | Reached skill level 1 in Transmutations
    24 | D        | Reached skill level 1 in Fire Magic
    24 | D        | Reached skill level 1 in Ice Magic
    24 | D        | Reached skill level 1 in Air Magic
    24 | D        | Reached skill level 1 in Earth Magic
    24 | D        | Reached skill level 1 in Poison Magic
    24 | D        | Reached skill level 1 in Invocations
    24 | D        | Reached skill level 1 in Evocations
    24 | D        | Reached XP level 2. HP: 24/29 MP: 1/3
    65 | D        | Found a bloodstained altar of Trog.
    65 | D        | Found a shimmering blue altar of Sif Muna.
    65 | D        | Found a viscous altar of Jiyva.
    65 | D        | Found a hazy altar of Hepliaklqana.
    65 | D        | Found an opulent altar of Gozag.
    66 | D        | Found a glowing golden altar of the Shining One.
    66 | D        | Found a glowing silver altar of Zin.
    66 | D        | Found a basalt altar of Yredelemnul.
    66 | D        | Found a shimmering altar of Xom.
    66 | D        | Found an ornate altar of the Wu Jian Council.
    66 | D        | Found a sacrificial altar of Ru.
    66 | D        | Found a stormy altar of Qazlal.
    66 | D        | Found an iron altar of Okawaru.
    66 | D        | Found a sparkling altar of Nemelex Xobeh.
    66 | D        | Found a burning altar of Makhleb.
    66 | D        | Found a blossoming altar of Fedhas.
    66 | D        | Found a white marble altar of Elyvilon.
    66 | D        | Found a shadowy altar of Dithmenos.
    66 | D        | Found a snail-covered altar of Cheibriados.
    67 | D        | Found a radiant altar of Vehumet.
    67 | D        | Found a corrupted altar of Lugonu.
    68 | D        | Found a hide-covered altar of Uskayaw.
    68 | D        | Found an ancient bone altar of Kikubaaqudgha.
    68 | D        | Found a broken altar of Ashenzari.
    78 | D        | Became a worshipper of Cheibriados the Contemplative
    99 | D        | Reached * piety under Cheibriados
   134 | D        | Reached ** piety under Cheibriados
   147 | D        | Reached *** piety under Cheibriados
   181 | D        | Reached **** piety under Cheibriados
   182 | D        | Reached XP level 3. HP: 35/35 MP: 5/5
   190 | D        | Reached skill level 5 in Maces & Flails
   269 | D        | Noticed a wight
   269 | D        | Noticed a wight
   269 | D        | Noticed a wight
   286 | D        | Killed a wight
   287 | D        | Reached XP level 4. HP: 14/43 MP: 2/8
   293 | D        | Reached ***** piety under Cheibriados
   294 | D        | Reached XP level 5. HP: 26/48 MP: 3/10
   311 | D        | Reached XP level 6. HP: 41/56 MP: 5/12
   356 | D        | Reached skill level 5 in Invocations
   357 | D        | Reached ****** piety under Cheibriados
   364 | D        | HP: 2/56 [orc priest/divine providence (15)]
   460 | D        | Reached skill level 5 in Short Blades
   460 | D        | Reached skill level 5 in Long Blades
   460 | D        | Reached skill level 5 in Axes
   460 | D        | Reached skill level 5 in Polearms
   460 | D        | Reached skill level 5 in Staves
   460 | D        | Reached skill level 5 in Ranged Weapons
   460 | D        | Reached skill level 5 in Throwing
   460 | D        | Reached skill level 5 in Dodging
   460 | D        | Reached skill level 5 in Stealth
   460 | D        | Reached skill level 5 in Unarmed Combat
   460 | D        | Reached skill level 5 in Spellcasting
   460 | D        | Reached skill level 5 in Evocations
   503 | D        | Noticed a vampire
   503 | D        | Noticed a merfolk impaler
   503 | D        | Noticed a merfolk
   503 | D        | Noticed a kobold demonologist
   504 | D        | Noticed a storm dragon
   506 | D        | HP: 2/57 [storm dragon/bolt of lightning (28)]
   507 | D        | Noticed a dream sheep
   507 | D        | Succumbed to a merfolk impaler's poison

Illustrated notes

Levels and vault maps discovered:
D:        pitsprint [storerooms_1, entrance_room_1, metal_vault_2, armoury_3,
          mini_pit_1, grid_room_1, main_hall_1, silver_pit, the_coven_1,
          the_vestibule_1, steel_vault_5, golden_pit, hallway_of_sentries,
          crystal_vault_4, iron_vault_4, final_vault]

Skill      XL: |  1  2  3  4  5  6 |
---------------+-------------------+-----
Short Blades   | 1 2 3 4 5 |  5.1
Long Blades    | 1 2 3 4 5 |  5.1
Axes           | 1 2 3 4 5 |  5.1
Polearms       | 1 2 3 4 5 |  5.1
Staves         | 1 2 3 4 5 |  5.1
Ranged Weapons | 1 2 3 4 5 |  5.1
Throwing       | 1 2 3 4 5 |  5.1
Dodging        | 1 2 3 4 5 |  5.1
Stealth        | 1 2 3 4 5 |  5.1
Unarmed Combat | 1 2 3 4 5 |  5.1
Spellcasting   | 1 2 3 4 5 |  5.1
Conjurations   | 1 2 3 4 |  4.2
Hexes          | 1 2 3 4 |  4.2
Summonings     | 1 2 3 4 |  4.2
Necromancy     | 1 2 3 4 |  4.2
Translocations | 1 2 3 4 |  4.2
Transmutations | 1 2 3 4 |  4.2
Fire Magic     | 1 2 3 4 |  4.2
Ice Magic      | 1 2 3 4 |  4.2
Air Magic      | 1 2 3 4 |  4.2
Earth Magic    | 1 2 3 4 |  4.2
Poison Magic   | 1 2 3 4 |  4.2
Invocations    | 1 2 3 4 5 |  5.6
Evocations     | 1 2 3 4 5 |  5.1
Maces & Flails | 5 6 7 |  7.0
Fighting       | 7 8 |  8.4
Armour         | 7 8 |  8.4
Shields        | 7 8 |  8.4

Action                   |  1- 3 |  4- 6 || total
-------------------------+-------+-------++-------
Melee: Flail             |    39 |    46 ||    85
       Bite              |     5 |     7 ||    12
Invok: Bend Time         |     1 |       ||     1
  Use: Potion            |       |     3 ||     3
 Stab: Sleeping          |       |     1 ||     1
Armor: Scale mail        |    21 |     9 ||    30
Dodge: Dodged            |    32 |    22 ||    54
Block: Buckler           |    27 |    18 ||    45

Table legend: (Time is in decaauts)
 A = Elapsed time spent in this place.
 B = Non-inter-level travel time spent in this place.
 C = Inter-level travel time spent in this place.
 D = Time resting spent in this place.
 E = Time spent auto-exploring this place.
 F = Levels seen in this place.
 G = Mean time per level.
                   A        B        C        D        E       F      G
               +--------+--------+--------+--------+--------+-----+--------+
         Total |    652 |    594 |     58 |      0 |    281 |   1 |  652.0 |
       Dungeon |    652 |    594 |     58 |      0 |    281 |   1 |  652.0 |
               +--------+--------+--------+--------+--------+-----+--------+

Top non-repeatable levels by time:
       D: 652 daAuts
